 Dungeon Crawl Stone Soup version 0.29.0-4-gdea44cf6ec (webtiles) character file.

Game seed: 1236508407698784531

89 qw the Chopper (level 4, -2/26 HPs)
             Began as a Tengu Warper on Aug 28, 2022.
             Slain by Natasha (4 damage)
             ... on level 2 of the Dungeon.
             The game lasted 00:00:08 (1894 turns).

qw the Chopper (Tengu Warper)                       Turns: 1894, Time: 00:00:08

Health: -2/26      AC:  5    Str: 14    XL:     4   Next: 55%
Magic:  8/8        EV: 11    Int: 13    God:
Gold:   58         SH:  0    Dex: 13    Spells: 7/7 levels left

rFire   . . .      SeeInvis .   Y - +0 hand axe
rCold   . . .      Faith    .   (no shield)
rNeg    . . .      Spirit   .   g - +0 ring mail
rPois   .          Reflect  .   (helmet restricted)
rElec   .          Harm     .   (no cloak)
rCorr   .          Rampage  .   (no gloves)
Will    .....                   (boots unavailable)
Stlth   +.........              (no amulet)
HPRegen 0.08/turn               (no ring)
MPRegen 0.11/turn               (no ring)

@: slowed, very slow
A: beak, talons 3
a: no special abilities


You were on level 2 of the Dungeon.
You visited 1 branch of the dungeon, and saw 2 of its levels.

You collected 58 gold pieces.


Innate Abilities, Weirdness & Mutations

You have a beak for a mouth.
You have claws for feet.


   Skills:
 - Level 2.0 Fighting
 + Level 5.1 Axes
 - Level 1.0 Throwing
 - Level 1.1 Armour
 - Level 2.1 Dodging
 - Level 2.0 Spellcasting
 - Level 2.4 Translocations


You had 7 spell levels left.
You didn't know any spells.
Your spell library contained the following spells:

 Spells                   Type           Power      Damage    Failure   Level
 Blink                    Tloc           14%        N/A       30%         2
 Gell's Gravitas          Tloc           7%         N/A       52%         3
 Lesser Beckoning         Tloc           7%         N/A       52%         3
 Teleport Other           Tloc           7%         N/A       52%         3
 Manifold Assault         Tloc           7%         N/A       99%         5

Inventory:

Hand Weapons
 i - a +0 flail
 Y - a +0 hand axe (weapon)
Armour
 g - a +0 ring mail (worn)
Potions
 d - a potion of flight {unknown}
 f - a potion of degeneration {unknown}

Dungeon Overview and Level Annotations

Branches:
Dungeon (2/15)

Altars:

Annotations:
D:2 Natasha


Message History

Natasha barely misses you.
You hit Natasha. You peck Natasha.
You kill Natasha!
Natasha screams in pain as she dies!
Your Axes skill increases to level 5!
You start resting.
Natasha, Servant of Life and Death comes into view.
1885 ||| FLEEEEING.
Natasha hisses angrily.
1886 ||| FLEEEEING.
1887 ||| FLEEEEING.
Natasha stares at you and mumbles some strange words.
You feel yourself slow down. Natasha claws you.
You hit Natasha. You claw Natasha.
Natasha is lightly wounded.
Natasha casts a spell.
You slash Natasha! Your peck misses Natasha.
Natasha is severely wounded.
You hit the white imp. Natasha barely misses you. The white imp hits you.
The white imp freezes you. Natasha barely misses you.
You hit Natasha but do no damage. Your kick misses Natasha.
Natasha is severely wounded.
You hit the white imp but do no damage. The white imp hits you.
The white imp freezes you. Natasha claws you. The white imp gestures at you.
The puff of frost misses you.
You hit Natasha. You peck Natasha, but do no damage.
Natasha is severely wounded.
You barely miss the white imp.
Natasha mumbles some strange words.
The white imp gestures at you. The puff of frost hits you.
Natasha closely misses you.
You miss Natasha. Your kick misses Natasha. Your peck misses Natasha.
Natasha is severely wounded.
You hit the crimson imp but do no damage.
You hit the white imp.
The white imp hits you but does no damage.
Natasha claws you.
You die...

.. #. ........... ....
#.###...........#
....###.##.....#.#.....##
..........##..#.#.... .#...
.................#..###....
#........................# #
#....................#.## #.
#..........%.....#......####
###.##.........5@h#..............
...............5.##...##......##
........#...<....##...###%....#
.................##...###.....#
.....>...........###.....######.
.................# #####........
###).#.#.........# ##..######
#.##.#.........## ###.........
#...............###...##......


You could see Natasha, a crimson imp (summoned) and a white imp (summoned).

Vanquished Creatures
  Natasha (twice) (D:2)
  2 dart slugs (D:1)
  4 ball pythons (D:1)
  3 bats (D:1)
  An endoplasm (D:1)
  2 giant cockroaches (D:1)
  5 goblins
  3 hobgoblins
  3 jackals (D:1)
  4 quokkas (D:1)
  2 frilled lizards (D:1)
  2 kobolds (D:1)
  2 rats
35 creatures vanquished.

Notes
Turn   | Place    | Note
-------+----------+-------------------------------------------
     0 | D:1      | qw the Tengu Warper began the quest for the Orb.
     0 | D:1      | Reached XP level 1. HP: 12/12 MP: 4/4
     0 | D:1      | 0 ||| qw: Version: 0.1-a-89-g26bdef1
     0 | D:1      | 0 ||| qw: Game counter: 1782
     0 | D:1      | 0 ||| qw: Always use a shield: true
     0 | D:1      | 0 ||| qw: God list: Okawaru
     0 | D:1      | 0 ||| qw: Allow faded altars: false
     0 | D:1      | 0 ||| qw: Do Orc after D:15 true
     0 | D:1      | 0 ||| qw: Do second Lair branch before Depths: true
     0 | D:1      | 0 ||| qw: Lair rune preference: random
     0 | D:1      | 0 ||| qw: Plans: Normal
     0 | D:1      | 0 ||| PLANNING D:1-11
    12 | D:1      | 12 ||| Stepping ~*~*~tactically~*~*~ (stealth).
    55 | D:1      | 55 ||| Stepping ~*~*~tactically~*~*~ (stealth).
    61 | D:1      | HP: 3/12 [jackal (1)]
   276 | D:1      | Reached skill level 3 in Axes
   276 | D:1      | Reached XP level 2. HP: 17/17 MP: 6/6
   732 | D:1      | Reached XP level 3. HP: 21/21 MP: 7/7
   907 | D:1      | Reached skill level 4 in Axes
   954 | D:1      | 954 ||| DROPPING +0 whip.
  1327 | D:1      | 1327 ||| UPGRADING to +0 ring mail.
  1337 | D:1      | 1337 ||| DROPPING +0 leather armour.
  1338 | D:1      | 1338 ||| READING scroll labelled YGAIVV PAZA.
  1339 | D:1      | 1339 ||| DROPPING scroll of blinking.
  1386 | D:2      | 1386 ||| Stepping ~*~*~tactically~*~*~ (stealth).
  1435 | D:2      | Noticed Natasha
  1443 | D:2      | HP: 5/21 [Natasha (6)]
  1444 | D:2      | Killed Natasha
  1445 | D:2      | Reached XP level 4. HP: 6/26 MP: 8/8
  1685 | D:2      | Noticed Natasha
  1692 | D:2      | HP: 4/26 [Natasha (4)]
  1695 | D:2      | Killed Natasha
  1696 | D:2      | Reached skill level 5 in Axes
  1884 | D:2      | Noticed Natasha
  1885 | D:2      | 1885 ||| FLEEEEING.
  1886 | D:2      | 1886 ||| FLEEEEING.
  1887 | D:2      | 1887 ||| FLEEEEING.
  1893 | D:2      | HP: 1/26 [white imp/puff of frost[Natasha] (6)]
  1894 | D:2      | Slain by Natasha

Levels and vault maps discovered:
D:1:      nzn_arrival_crosshair, layout_basic, minmay_misc_feat_five,
          minmay_ruptured
D:2:      layout_rooms, shapermc_ecumenical_altar_pompeii, uniq_natasha

Skill      XL: |  1  2  3  4 |
---------------+-------------+-----
Axes           | 3 4 5 |  5.1
Fighting       | |  2.0
Throwing       | |  1.0
Armour         | |  1.1
Dodging        | |  2.1
Spellcasting   | |  2.0
Translocations | |  2.4

Action                   |  1- 3 |  4- 6 || total
-------------------------+-------+-------++-------
Melee: Hand axe          |    75 |    12 ||    87
       Kick              |    17 |     2 ||    19
       Peck              |     7 |     2 ||     9
Throw: Boomerang         |     7 |       ||     7
  Use: Scroll            |     1 |       ||     1
 Stab: Sleeping          |     1 |       ||     1
Armor: Leather armour    |    22 |       ||    22
       Ring mail         |     3 |     2 ||     5
Dodge: Dodged            |    38 |     6 ||    44

Table legend:
 A = Non-vault XP
 B = Vault XP
 C = Vault XP percentage of total XP
 D = Non-vault monster count
 E = Vault monster count
 F = Vault count percentage of total count
                 A         B        C        D         E       F
            +---------+---------+-------+---------+---------+-------
      Total |      90 |      38 |  29.7 |      32 |       3 |   8.6
            +---------+---------+-------+---------+---------+-------
        D:1 |      48 |       3 |   5.9 |      27 |       2 |   6.9
        D:2 |      42 |      35 |  45.5 |       5 |       1 |  16.7
            +---------+---------+-------+---------+---------+-------
